 Dungeon Crawl Stone Soup version bcrawl-1.40.3b (webtiles) character file.

Game seed: 15376968605963470814

184146 Mrkan the Covered (level 4, 0/41 HPs)
             Began as a Minotaur Fighter on Feb 21, 2024.
             Succumbed to an orc priest's poison
             ... on level 3 of the Dungeon.
             The game lasted 00:03:32 (1485 turns).

Mrkan the Covered (Minotaur Fighter)                Turns: 1485, Time: 00:03:33

Health: 0/41       AC:  9    Str: 21    XL:     4   Next: 89%
Magic:  3/3        EV:  5    Int:  6    God:
Gold:   162        SH:  9    Dex:  9    Spells: 3/3 levels left

rFire    . . .     GDR:     25% a - +0 war axe
rCold    . . .     SeeInvis .   c - +0 medium shield
rNeg     . . .     Gourm    .   b - +0 scale mail
rPois    .         Faith    .   (helmet restricted)
rElec    .         Spirit   .   o - +0 cloak
rCorr    .         Reflect  .   (no gloves)
MR       .....                  r - +0 pair of boots
Stlth    ..........             (no amulet)
HPRegen  0.16/turn              (no ring)
MPRegen  0.08/turn              (no ring)

@: lethally poisoned (0 -> -13)
A: retaliatory headbutt, horns 2
a: no special abilities


You were on level 3 of the Dungeon.
You were very hungry.

You visited 1 branch of the dungeon, and saw 3 of its levels.

You collected 162 gold pieces.

Inventory:

Hand Weapons
 a - a +0 war axe (weapon)
Armour
 b - a +0 scale mail (worn)
 c - a +0 medium shield (worn)
 o - a +0 cloak (worn)
 r - a +0 pair of boots (worn)
Jewellery
 h - a +5 amulet of reflection {unknown}
 n - a +5 ring of strength {unknown}
Scrolls
 f - a scroll of enchant armour {unknown}
 i - a scroll of identify
 m - 4 scrolls of teleportation {unknown}
Potions
 d - a potion of might
 g - 4 potions of flight {unknown}
 j - a potion of mutation {unknown}
 k - 2 potions of curing {unknown}
 l - a potion of invisibility {unknown}
 p - 2 potions of ambrosia {unknown}
 q - 2 potions of lignification {unknown}
Comestibles
 e - 6 rations {!d}


   Skills:
 + Level 4.5 Fighting
 * Level 4.0 Axes
 + Level 4.5 Armour
 - Level 0.2 Dodging
 + Level 4.4 Shields


You had 3 spell levels left.
You didn't know any spells.
Your spell library was empty.

Dungeon Overview and Level Annotations

Branches:
Dungeon (3/12)

Altars:
The Shining One


Innate Abilities, Weirdness & Mutations

You reflexively headbutt those who attack you in melee.
You have a pair of horns on your head.


Message History

Your shield and scale mail prevent you from hitting the orc.
You closely miss the orc priest.
You feel sick. The adder bites you but does no damage.
The orc hits you with a +0 flail.
The orc priest hits you with a +1 dagger of venom.
You are lethally poisoned!
You slash the adder!
You kill the adder!
Your shield and scale mail prevent you from hitting the orc.
You slash the orc priest!
You kill the orc priest!
* * * LOW HITPOINT WARNING * * *
You feel sick. The orc hits you with a +0 flail.
* * * LOW HITPOINT WARNING * * *
The hobgoblin hits you with a +0 club.
* * * LOW HITPOINT WARNING * * *
You block the goblin's attack.
Your Axes skill increases to level 4!
Your shield and scale mail prevent you from hitting the goblin.
You closely miss the hobgoblin. You closely miss the orc.
You die...

#### ......
...... .... ...
.########.######
>.......g.......
......†@ol......
########g....$..
#g####### #g#
#.# #g# ..# ..#
...


You could see an orc, 2 hobgoblins, 3 goblins and a frilled lizard.

Vanquished Creatures
  An orc priest (D:3)
  3 adders
  3 worms (D:2)
  A dart slug (D:1)
  4 leopard geckos (D:2)
  An orc (D:3)
  2 ball pythons (D:2)
  2 giant cockroaches (D:1)
  8 goblins
  7 hobgoblins
  2 jackals (D:2)
  4 bats
  A frilled lizard (D:2)
  5 kobolds
  2 rats (D:1)
46 creatures vanquished.

Notes
Turn   | Place    | Note
-------+----------+-------------------------------------------
     0 | D:1      | Mrkan the Minotaur Fighter began the quest for the Orb.
     0 | D:1      | Reached XP level 1. HP: 19/19 MP: 0/0
   223 | D:1      | Reached XP level 2. HP: 27/27 MP: 1/1
   760 | D:2      | Found a glowing golden altar of the Shining One.
   822 | D:2      | Reached XP level 3. HP: 33/33 MP: 2/2
  1471 | D:3      | Reached XP level 4. HP: 35/41 MP: 3/3
  1484 | D:3      | HP: 2/41 [hobgoblin/+0 club[Robin] (5)]
  1485 | D:3      | Succumbed to an orc priest's poison

Skill      XL: |  1  2  3  4 |
---------------+-------------+-----
Armour         | 4 |  4.5
Fighting       | 4 |  4.5
Shields        | 4 |  4.4
Axes           | 3 4 |  4.0
Dodging        | |  0.2

Action                   |  1- 3 |  4- 6 || total
-------------------------+-------+-------++-------
Melee: War axe           |   116 |    15 ||   131
       Headbutt          |    11 |     1 ||    12
  Eat: Chunk             |     5 |       ||     5
Armor: Scale mail        |    62 |    18 ||    80
Dodge: Dodged            |    19 |     4 ||    23
Block: Medium shield     |    77 |    10 ||    87
